 Dungeon Crawl Stone Soup version 0.26-a0-810-ge1a9524b62 (webtiles) character file.

Game seed: 4113706913213134182

19459 jasper the Destroyer (level 12, -1/100 HPs)
             Began as a Demigod Air Elementalist on Nov 13, 2020.
             Slain by a seven-headed hydra (8 damage)
             ... on level 11 of the Dungeon.
             The game lasted 00:23:16 (14795 turns).

jasper the Destroyer (Demigod Air Elementalist)    Turns: 14795, Time: 00:23:17

Health: -1/100     AC: 10    Str: 11    XL:     12   Next: 9%
Magic:  16/34      EV: 17    Int: 30    God:
Gold:   604        SH:  0    Dex: 16    Spells: 5/23 levels left

rFire    . . .     SeeInvis .   D - +4 scimitar (flame)
rCold    + . .     Faith    .   (no shield)
rNeg     . . .     Spirit   .   p - +2 robe {rC+}
rPois    .         Reflect  .   T - +2 helmet {Int+3}
rElec    .         Harm     .   H - +0 cloak {rCorr}
rCorr    +         Rampage  .   Z - +0 pair of gloves of Malil {+Fly Slay+2}
MR       +....                  R - +0 pair of boots
Stlth    ++........             P - amulet of magic regeneration
HPRegen  0.26/turn              n - ring of magical power
MPRegen  0.49/turn              E - ring of resist corrosion

@: no status effects
A: high mp 1
a: Evoke Flight


You were on level 11 of the Dungeon.
You visited 1 branch of the dungeon, and saw 12 of its levels.

You collected 905 gold pieces.
You spent 301 gold pieces at shops.

Inventory:

Hand Weapons
 D - a +4 scimitar of flaming (weapon)
Missiles
 f - 21 boomerangs (quivered)
Armour
 i - a +0 kite shield
 p - a +2 robe of cold resistance (worn)
 H - a +0 cloak of preservation (worn)
 R - a +0 pair of boots (worn)
 T - a +2 helmet of intelligence (worn)
 Z - the +0 pair of gloves of Malil (worn) {+Fly Slay+2}
   (You found it on level 9 of the Dungeon)

   It affects your accuracy and damage with ranged weapons and melee attacks
   (+2).
   It lets you fly.
Magical Staves
 d - an uncursed staff of poison
Jewellery
 b - an uncursed ring of protection from magic
 e - an uncursed ring of teleportation
 j - an uncursed amulet of the acrobat
 m - an uncursed ring of wizardry
 n - a ring of magical power (left hand)
 t - an uncursed amulet of regeneration
 y - an uncursed ring of flight
 E - a ring of resist corrosion (right hand)
 M - an uncursed ring of ice
 P - an amulet of magic regeneration (around neck)
Wands
 r - a wand of flame (14)
 w - a wand of acid (6)
 G - a wand of polymorph (9)
 V - a wand of disintegration (37)
 Y - a wand of digging (4)
Scrolls
 c - 8 scrolls of remove curse
 g - 2 scrolls of fog
 l - 2 scrolls of blinking
 q - 4 scrolls of amnesia
 s - 3 scrolls of noise
 u - 2 scrolls of immolation
 B - 3 scrolls of fear
 C - 6 scrolls of teleportation
 F - a scroll of enchant weapon
 I - a scroll of random uselessness {unknown}
 J - 2 scrolls of magic mapping {unknown}
 K - 3 scrolls of enchant armour {unknown}
 S - 2 scrolls of identify
 U - a scroll of torment {unknown}
 X - a scroll of summoning {unknown}
Potions
 a - 3 potions of berserk rage {unknown}
 h - 3 potions of flight
 k - 2 potions of heal wounds
 o - 5 potions of curing
 v - a potion of brilliance {unknown}
 x - a potion of attraction
 z - a potion of ambrosia
 A - a potion of resistance
 N - a potion of invisibility
 W - a potion of mutation {unknown}


   Skills:
 + Level 7.1 Fighting
 + Level 7.4 Dodging
 - Level 1.7 Stealth
 + Level 6.1 Spellcasting
 - Level 10.0 Conjurations
 - Level 10.0 Air Magic
 * Level 5.3 Earth Magic


You had 5 spell levels left.
You knew the following spells:

 Your Spells              Type           Power        Failure   Level
a - Shock                 Conj/Air       ####         1%          1
b - Swiftness             Air            ######..     1%          2
c - Airstrike             Air            ######....   1%          4
d - Lightning Bolt        Conj/Air       ######....   2%          5
e - Statue Form           Tmut/Erth      ####.....    95%         6

Your spell library contained the following spells:

 Spells                   Type           Power        Failure   Level
 Static Discharge         Conj/Air       ######..     1%          3
 Summon Small Mammal      Summ           #...         5%          1
 Summon Lightning Spire   Summ/Air       #####...     7%          4
 Call Imp                 Summ           #.......     8%          2
 Call Canine Familiar     Summ           #.......     16%         3
 Summon Guardian Golem    Hex/Summ       #.......     16%         3
 Leda's Liquefaction      Hex/Erth       ####......   17%         4
 Bolt of Magma            Conj/Fire/Erth #####.....   19%         5
 Irradiate                Conj/Tmut      #####.....   19%         5
 Summon Ice Beast         Ice/Summ       #.......     45%         4
 Iron Shot                Conj/Erth      ######....   34%         6
 Hydra Form               Tmut           #.........   100%        6
 Dragon Form              Tmut           #.........   100%        7
 Shatter                  Erth           #####.....   100%        9


Dungeon Overview and Level Annotations

Branches:
Dungeon (12/15)            Temple (0/1) D:5            Lair (0/6) D:8
    Orc (0/2) D:9

Shops:
D:5 (   D:6 [   D:8 *


Innate Abilities, Weirdness & Mutations

You have an increased reservoir of magic. (+10% MP)


Message History

The eight-headed hydra completely misses you.
The eight-headed hydra closely misses you.
The eight-headed hydra bites you! x3
You take 34 damage, and have 52/100 hp.
MASSIVE DAMAGE!!
You now have 16/34 mp.
You lop one of the eight-headed hydra's heads off!
The flame cauterises the wound!
You slash the seven-headed hydra! You burn the seven-headed hydra.
The seven-headed hydra is severely wounded.
The seven-headed hydra bites you. The seven-headed hydra misses you.
The seven-headed hydra bites you.
The seven-headed hydra barely misses you. x2
The seven-headed hydra bites you! The seven-headed hydra bites you!!
* * * LOW HITPOINT WARNING * * *
The seven-headed hydra completely misses you.
You riposte.
You slash the seven-headed hydra! You burn the seven-headed hydra.
The seven-headed hydra is almost dead.
The seven-headed hydra bites you!
* * * LOW HITPOINT WARNING * * *
The seven-headed hydra bites you!
You die...

#.#.# #..#
#.#.# ##..#
#...# #...#
#.### #.D.# #.#
#.†.# #.# .S.
#.# #D### #.#
#@#.# #.# #...#
#.# ##..# #.#
#.## #.# #.#
#.# #.# #.# #.#
#.#
#.###########.#
#..[..........#


You could see a seven-headed hydra, a six-headed hydra and a water moccasin.

Vanquished Creatures
  2 hydras
  A centaur warrior (D:10)
  2 two-headed ogres
  3 ogre magi (D:10)
  An unseen horror (D:11)
  Pikel (D:8)
  An ugly thing (D:11)
  A faun (D:11)
  2 cyclopes (D:11)
  A deep elf mage (D:10)
  Maurice (D:10)
  Joseph (D:10)
  Psyche (D:8)
  An efreet (D:11)
  A yaktaur (shapeshifter) (D:11)
  5 trolls
  Prince Ribbit (D:8)
  A meliai zombie (D:10)
  A vampire (D:10)
  8 yaks
  Sigmund (D:2)
  A wraith (D:11)
  A basilisk (D:10)
  2 acid dragons (D:11)
  A water moccasin (D:7)
  A sky beast (D:10)
  A black bear (D:7)
  6 orc warriors
  6 ice beasts
  An eye of draining (D:9)
  4 phantoms
  7 centaurs
  3 ogres
  2 necrophages
  4 bullfrogs
  2 big kobolds (D:10)
  A scorpion (D:11)
  8 killer bees
  11 wights
  3 electric eels (D:8)
  5 howler monkeys
  6 bullfrog zombies
  6 bullfrog skeletons
  6 jellies
  8 hounds
  A centaur zombie (D:10)
  3 orc priests
  3 centaur skeletons
  Jessica (D:2)
  2 iguanas
  Terence (D:2)
  12 orc wizards
  3 worker ants
  Natasha (thrice) (D:2)
  3 hound zombies
  11 adders
  2 shadow imps (D:9)
  3 white imps
  2 ufetubi
  2 oozes
  4 adder skeletons
  2 worms
  A dart slug (D:3)
  7 leopard geckos
  61 orcs
  3 ball pythons
  6 bats
  4 giant cockroaches
  5 goblins
  7 hobgoblins
  12 jackals
  6 quokkas
  2 frilled lizards
  A jackal skeleton (D:5)
  16 kobolds
  A leopard gecko skeleton (D:8)
  A quokka skeleton (D:7)
  5 rats
329 creatures vanquished.

Vanquished Creatures (others)
  A plant (D:3)
1 creature vanquished.

Grand Total: 330 creatures vanquished

Notes
Turn   | Place    | Note
-------+----------+-------------------------------------------
     0 | D:1      | jasper the Demigod Air Elementalist began the quest for the
                  | Orb.
     0 | D:1      | Reached XP level 1. HP: 14/14 MP: 5/5
    47 | D:1      | Reached skill level 1 in Conjurations
   432 | D:1      | Reached XP level 2. HP: 20/20 MP: 1/7
  1349 | D:2      | Noticed Natasha
  1356 | D:2      | Killed Natasha
  1356 | D:2      | Reached XP level 3. HP: 26/26 MP: 0/8
  1428 | D:2      | Learned a level 2 spell: Swiftness
  1436 | D:2      | Noticed Terence
  1443 | D:2      | Killed Terence
  1626 | D:2      | Noticed Sigmund
  1648 | D:2      | Killed Sigmund
  1648 | D:2      | Reached XP level 4. HP: 13/33 MP: 1/10
  1648 | D:2      | Reached XP level 5. HP: 15/38 MP: 1/12
  1940 | D:2      | Noticed Natasha
  1957 | D:2      | Killed Natasha
  2024 | D:2      | Learned a level 4 spell: Airstrike
  2214 | D:2      | Noticed Jessica
  2218 | D:2      | Killed Jessica
  2297 | D:2      | Noticed Natasha
  2302 | D:2      | Killed Natasha
  2762 | D:2      | Reached XP level 6. HP: 45/45 MP: 11/13
  3976 | D:4      | Reached skill level 5 in Air Magic
  4290 | D:4      | Reached XP level 7. HP: 50/50 MP: 15/15
  4297 | D:4      | Learned a level 5 spell: Lightning Bolt
  4539 | D:5      | Entered Level 5 of the Dungeon
  4680 | D:5      | You fall into a shaft and drop 1 floor!
  4786 | D:6      | Found Wypsel's Armour Shoppe.
  5406 | D:6      | Reached skill level 5 in Conjurations
  5492 | D:6      | Found a sacrificial altar of Ru.
  5687 | D:5      | Reached XP level 8. HP: 57/57 MP: 18/18
  5855 | D:5      | Found a staircase to the Ecumenical Temple.
  5900 | D:5      | Found Duarphoah's Antique Weapon Boutique.
  6271 | D:7      | Noticed a two-headed ogre
  6287 | D:7      | Killed a two-headed ogre
  6287 | D:7      | Reached skill level 5 in Spellcasting
  6445 | D:7      | Reached XP level 9. HP: 23/63 MP: 20/20
  6777 | D:7      | Reached skill level 1 in Fighting
  7561 | D:8      | Found a sacrificial altar of Ru.
  7606 | D:8      | Noticed Prince Ribbit
  7609 | D:8      | Killed Prince Ribbit
  7664 | D:8      | Noticed Pikel
  7683 | D:8      | Killed Pikel
  7697 | D:8      | Noticed a two-headed ogre
  8127 | D:8      | Found Ryxzir's General Store.
  8194 | D:6      | Bought a +2 helmet of intelligence for 301 gold pieces
  8460 | D:8      | Reached XP level 10. HP: 77/77 MP: 21/21
  8468 | D:8      | Learned a level 6 spell: Statue Form
  8475 | D:8      | Found a staircase to the Lair.
  8628 | D:8      | Killed a two-headed ogre
  8814 | D:8      | Noticed Psyche
  8818 | D:8      | Killed Psyche
  9222 | D:9      | Found a staircase to the Orcish Mines.
  9736 | D:9      | Got a pair of jewelled gloves
  9747 | D:9      | Identified the +0 pair of gloves of Malil {+Fly Slay+2}
                  | (You found it on level 9 of the Dungeon)
 10352 | D:10     | Entered Level 10 of the Dungeon
 10409 | D:10     | Reached skill level 5 in Dodging
 10662 | D:10     | Reached skill level 10 in Conjurations
 11064 | D:10     | Noticed Joseph
 11072 | D:10     | Killed Joseph
 11164 | D:10     | Reached skill level 5 in Fighting
 11234 | D:10     | Noticed Maurice
 11238 | D:10     | Killed Maurice
 11290 | D:10     | Reached XP level 11. HP: 88/88 MP: 2/22
 11730 | D:10     | Noticed a centaur warrior
 11765 | D:10     | Killed a centaur warrior
 11768 | D:10     | Reached skill level 10 in Air Magic
 11851 | D:10     | Noticed an ogre mage
 11855 | D:10     | Killed an ogre mage
 11855 | D:10     | Reached skill level 1 in Earth Magic
 12005 | D:10     | Noticed an ogre mage
 12009 | D:10     | Paralysed by an ogre mage for 7 turns
 12016 | D:10     | Killed an ogre mage
 12244 | D:10     | Noticed a seven-headed hydra
 12250 | D:10     | Killed a seven-headed hydra
 12252 | D:10     | Noticed an ogre mage
 12575 | D:10     | Killed an ogre mage
 13345 | D:11     | Killed an unseen horror
 13938 | D:11     | Noticed a five-headed hydra
 13943 | D:11     | Killed a five-headed hydra
 14079 | D:11     | Found a shadowy altar of Dithmenos.
 14197 | D:11     | Reached XP level 12. HP: 90/97 MP: 25/25
 14327 | D:11     | You fall into a shaft and drop 1 floor!
 14328 | D:12     | Noticed a boulder beetle
 14615 | D:11     | Reached skill level 5 in Earth Magic
 14646 | D:11     | Noticed a boulder beetle
 14653 | D:11     | a boulder beetle changed into a faun
 14790 | D:11     | Noticed an eight-headed hydra
 14793 | D:11     | Noticed a six-headed hydra
 14795 | D:11     | Slain by a seven-headed hydra

Illustrated notes

Levels and vault maps discovered:
D:1:      giann_wishing_wells, layout_loops_corners, hangedman_feature_mirror
D:2:      layout_basic, uniq_natasha, uniq_terence, uniq_jessica, uniq_sigmund
D:3:      layout_rooms, kennysheep_decorative_pillar, saegor_snake_ambush
D:4:      layout_loops_ring
D:5:      layout_rooms, minmay_temple_entry_overgrown, serial_shops,
          nicolae_shop_crystal
D:6:      layout_loops_ring, nicolae_ru_path_of_blood, serial_shops, shop,
          minmay_starry_boxes
D:7:      layout_loops_cross, kennysheep_pointless_box
D:8:      layout_basic, erik_lair_island, serial_shops, shop, st_stairs_12,
          lemuel_altar_in_water, uniq_prince_ribbit1, uniq_pikel, uniq_psyche
D:9:      layout_cave_pods, hiddenorc2_lemuel, serial_column_ruins,
          column_ruins_open_medium, column_ruins_grid_1,
          column_ruins_columns_straight, column_ruins_open_medium
D:10:     minmay_the_grid_3x2 [minmay_the_grid_minigrid_small,
          minmay_the_grid_embedded, minmay_the_grid_expand,
          minmay_the_grid_minigrid_medium, minmay_the_grid_outer_diamond,
          minmay_the_grid_prize_four_corners], layout_cave_pods, serial_park,
          uniq_maurice, uniq_joseph
D:11:     minmay_sliced_demisemicircle, layout_loops_ring,
          portal_ice_cave_entry_pillars_1, nicolae_dithmenos_the_darkroom
D:12:     layout_basic, uniq_sonja

Skill      XL: |  1  2  3  4  5  6  7  8  9 10 11 12 |
---------------+-------------------------------------+-----
Conjurations   | 1 2 3 4 5 7 8 10 | 10.0
Air Magic      | 3 4 5 6 7 8 9 10 | 10.0
Spellcasting   | 2 3 4 5 6 |  6.1
Dodging        | 2 3 5 7 |  7.4
Fighting       | 3 5 6 7 |  7.1
Earth Magic    | 4 5 |  5.3
Stealth        | |  1.7

Action                   |  1- 3 |  4- 6 |  7- 9 | 10-12 || total
-------------------------+-------+-------+-------+-------++-------
Melee: Whip              |     3 |       |       |       ||     3
       Short sword       |     6 |    16 |    53 |    47 ||   122
       Scimitar          |       |       |       |     2 ||     2
Throw: Boomerang         |     7 |     4 |     1 |       ||    12
 Cast: Shock             |    54 |   100 |    82 |    49 ||   285
       Airstrike         |       |    10 |   105 |   287 ||   402
       Lightning Bolt    |       |       |       |     8 ||     8
Evoke: Wand              |       |       |       |     5 ||     5
  Use: Scroll            |     2 |     1 |    11 |     3 ||    17
 Stab: Sleeping          |     1 |       |       |       ||     1
Armor: Robe              |     6 |     7 |    47 |    43 ||   103
Dodge: Dodged            |    14 |    25 |    80 |   129 ||   248
       Rpst.: Scimitar   |       |       |       |     3 ||     3

Table legend: (Time is in decaauts)
 A = Elapsed time spent in this place.
 B = Non-inter-level travel time spent in this place.
 C = Inter-level travel time spent in this place.
 D = Time resting spent in this place.
 E = Time spent auto-exploring this place.
 F = Levels seen in this place.
 G = Mean time per level.
                   A        B        C        D        E       F      G
               +--------+--------+--------+--------+--------+-----+--------+
         Total |  14884 |  14541 |    343 |   1872 |  10750 |  12 | 1240.3 |
       Dungeon |  14884 |  14541 |    343 |   1872 |  10750 |  12 | 1240.3 |
               +--------+--------+--------+--------+--------+-----+--------+

Top non-repeatable levels by time:
    D:10: 2610 daAuts
    D:11: 1773 daAuts
     D:9: 1536 daAuts
     D:1: 1412 daAuts
     D:2: 1407 daAuts
     D:7: 1335 daAuts
     D:8: 1275 daAuts
     D:4: 978 daAuts
     D:6: 975 daAuts
     D:3: 800 daAuts
     D:5: 770 daAuts
    D:12: 8 daAuts
